 Dungeon Crawl Stone Soup version 0.20-a0-893-g832831a (webtiles) character file.

3777 4thArraOfDagon the Cleaver (level 9, -2/61 HPs)
             Began as a Demonspawn Gladiator on Mar 16, 2017.
             Was a Priest of Okawaru.
             Slain by a two-headed ogre
             ... wielding a +0 giant club
              (4 damage)
             ... on level 10 of the Dungeon.
             The game lasted 00:20:34 (4379 turns).

4thArraOfDagon the Cleaver (Demonspawn Gladiator)   Turns: 4379, Time: 00:20:36

Health: -2/61      AC: 18    Str: 21    XL:     9   Next: 95%
Magic:  22/22      EV: 15    Int:  9    God:    Okawaru [***...]
Gold:   479        SH:  0    Dex: 22    Spells: 8/8 levels left

rFire    . . .     SeeInvis .   y - +3 battleaxe (freeze)
rCold    + + +     Gourm    .   i - +0 plate armour
rNeg     . . .     Faith    .   (shield currently unavailable)
rPois    .         Spirit   .   (helmet restricted)
rElec    .         Reflect  .   j - +0 cloak
rCorr    .         Harm     .   p - +0 pair of gloves
MR       .....     Clarity  +   (no boots)
Stlth    ..........             u - amulet of the Queen {rC+++ Regen+ Int-4 Dex+5}
Regen    0.6/turn               (no ring)
MPRegen  0.2/turn               s - ring of magical power

@: mighty, heroism, very slightly contaminated, studying Throwing
A: antennae 2, thin skeletal structure 1, clarity, clever 1, powered by pain 2,
shaggy fur 1, subdued magic 1
a: Heroism, Renounce Religion


You were on level 10 of the Dungeon.
You worshipped Okawaru.
Okawaru was most pleased with you.
You were full.

You visited 2 branches of the dungeon, and saw 12 of its levels.

You collected 479 gold pieces.

Inventory:

Hand Weapons
 a - a +0 war axe
 y - a +3 battleaxe of freezing (weapon)
Armour
 c - a +0 helmet
 h - a +0 scale mail
 i - a +0 plate armour (worn)
 j - a +0 cloak (worn)
 p - a +0 pair of gloves (worn)
 r - a +0 chain mail
 x - the +1 leather armour of Dim Light {Stlth+}
   (You found it on level 7 of the Dungeon)

   It makes you more stealthy.
Jewellery
 s - a ring of magical power (left hand)
 t - an uncursed amulet of guardian spirit {unknown}
 u - the amulet of the Queen (around neck) {rC+++ Regen+ Int-4 Dex+5}
   (You found it on level 6 of the Dungeon)

   [amulet of regeneration]

   It affects your intelligence (-4).
   It affects your dexterity (+5).
   It renders you almost immune to cold.
   It increases your rate of regeneration.
 w - an uncursed amulet of faith
Wands
 n - a wand of random effects (3/48)
 E - a wand of iceblast (1/15)
Scrolls
 e - a scroll of immolation
 k - 4 scrolls of remove curse
 l - a scroll of fog
 v - a scroll of blinking
 z - a scroll of magic mapping {unknown}
Potions
 b - a potion of invisibility
 d - a potion of curing
 m - 2 potions of haste
 o - a potion of might
 q - 2 potions of brilliance
 A - a potion of flight {unknown}
 B - a potion of magic {unknown}
 F - a potion of lignification
Books
 C - a manual of Throwing
Comestibles
 f - 6 bread rations
 g - 3 meat rations


   Skills:
 - Level 2.0(7.0) Fighting
 * Level 9.2(14.2) Axes
 - Level 1.7(6.7) Throwing
 + Level 5.8(10.8) Armour
 + Level 6.8(11.8) Dodging
 + Level 6.3 Invocations


You had 8 spell levels left.
You didn't know any spells.

Dungeon Overview and Level Annotations

Branches:
Dungeon (11/15)            Temple (1/1) D:7
   Lair: D:8-11         Orc: D:9-12

Altars:
Cheibriados
Dithmenos
Elyvilon
Fedhas
Kikubaaqudgha
Makhleb
Nemelex Xobeh
Okawaru
Ru
Uskayaw
Vehumet
Xom

Shops:
D:4 (   D:11 :

Annotations:
D:5 Yehuk's ghost, novice TrTm
D:6 Pikel


Innate Abilities, Weirdness & Mutations

You have a pair of antennae on your head.
You have a somewhat thin skeletal structure. (Dex +2, Stealth)
You sometimes gain power by taking damage.
You possess an exceptional clarity of mind.
Your mind is acute. (Int +2)
You are covered in fur. (AC +1)
Your spells are a little easier to cast, but a little less powerful.


Message History

The black bear is heavily wounded.
Evoking this partially-identified wand wasted a few charges.
Unknown command.
You barely miss the black bear.
The black bear is moderately wounded.
The black bear barely misses you.
The black bear claws you but does no damage.
The black bear closely misses you.
You slash the black bear! You freeze the black bear!
You kill the black bear!
Okawaru accepts your kill.
Unknown command.
You slash the two-headed ogre! You freeze the two-headed ogre.
The two-headed ogre is heavily wounded.
The two-headed ogre hits you with a giant club!!
* * * LOW HITPOINT WARNING * * *
You focus on the pain.
You feel mightier all of a sudden.
The two-headed ogre hits you with a giant club.
You die...

### #.. #.# #.#
#.####.####
#....@....#
######O##.# #.##.#
#.##.###.# ##+##
#........# ##...##
####.##### ##.....##
## #.# #.......##
##.##.#
#..%......####...#O#


You could see a two-headed ogre.

Vanquished Creatures
  5 yaks (D:11)
  A spriggan (D:10)
  An orc warrior (D:7)
  A water moccasin (D:11)
  A sky beast (D:5)
  3 ice beasts
  2 black bears
  2 ogres
  2 centaurs
  A bullfrog (D:7)
  3 scorpions
  7 killer bees
  The ghost of Brouzouf the Slasher, a weakling BaSk of Okawaru (D:3)
  4 wights (D:7)
  3 howler monkeys (D:7)
  3 crimson imps
  4 hounds
  A jelly (D:5)
  5 orc priests
  3 orc wizards
  4 worker ants
  2 hound skeletons
  2 hound zombies
  A howler monkey zombie (D:7)
  10 gnolls
  17 adders
  A shadow imp (D:8)
  An ooze (D:6)
  An adder skeleton (D:7)
  2 dart slugs
  3 leopard geckos
  13 orcs
  5 giant cockroaches
  4 goblins
  4 hobgoblins
  10 jackals
  3 quokkas
  A bat (D:2)
  A frilled lizard (D:2)
  A giant cockroach zombie (D:6)
  7 kobolds
  A leopard gecko skeleton (D:5)
  A rat (D:3)
148 creatures vanquished.

Notes
Turn   | Place    | Note
-------+----------+-------------------------------------------
     0 | D:1      | 4thArraOfDagon the Demonspawn Gladiator began the quest for the Orb.
     0 | D:1      | Reached XP level 1. HP: 16/16 MP: 1/1
   348 | D:3      | Reached skill level 3 in Axes
   394 | D:3      | Gained mutation: You have a pair of small antennae on your head. [demonic ancestry]
   394 | D:3      | Reached XP level 2. HP: 16/22 MP: 2/2
   497 | D:3      | Reached XP level 3. HP: 13/27 MP: 3/3
   514 | D:4      | Reached skill level 1 in Armour
   523 | D:4      | Found Juedaesch's Weapon Shop.
   540 | D:4      | Gained mutation: You sometimes gain a little power by taking damage. [demonic ancestry]
   540 | D:4      | Reached XP level 4. HP: 22/33 MP: 4/4
   668 | D:5      | Entered Level 5 of the Dungeon
   768 | D:5      | Found a white marble altar of Elyvilon.
   774 | D:5      | Found a shadowy altar of Dithmenos.
   806 | D:5      | Noticed an ogre
   808 | D:5      | Noticed an ice beast
   817 | D:5      | Noticed a sky beast
   817 | D:5      | Killed an ogre
   817 | D:5      | Reached skill level 4 in Axes
   817 | D:5      | Gained mutation: You sometimes gain power by taking damage. [demonic ancestry]
   817 | D:5      | Reached XP level 5. HP: 38/38 MP: 5/5
   832 | D:5      | Killed an ice beast
   832 | D:5      | Reached XP level 6. HP: 31/44 MP: 6/6
   959 | D:5      | Killed a sky beast
   959 | D:5      | Reached skill level 5 in Axes
   962 | D:5      | Gained mutation: You possess an exceptional clarity of mind. [mutagenic meat]
   963 | D:5      | Gained mutation: Your spells are a little easier to cast, but a little less powerful. [mutagenic meat]
   964 | D:5      | Gained mutation: You are somewhat resistant to further mutation. [mutagenic meat]
   966 | D:5      | Gained mutation: Your muscles are strong. (Str +2) [mutagenic meat]
   967 | D:5      | Gained mutation: You are covered in fur. (AC +1) [mutagenic meat]
  1250 | D:5      | Noticed Yehuk's ghost (novice TrTm)
  1271 | D:6      | Noticed Pikel
  1271 | D:6      | Noticed a slave
  1271 | D:6      | Noticed a slave
  1271 | D:6      | Noticed a slave
  1291 | D:6      | Found a shimmering altar of Xom.
  1522 | D:6      | Reached XP level 7. HP: 50/50 MP: 7/7
  1902 | D:6      | Found a burning altar of Makhleb.
  1928 | D:6      | Got an ancient brass amulet
  1932 | D:6      | Identified the amulet of the Queen {rC+++ Regen+ Int-4 Dex+5} (You found it on level 6 of the Dungeon)
  2078 | D:7      | Reached skill level 6 in Axes
  2092 | D:7      | Found a staircase to the Ecumenical Temple.
  2101 | Temple   | Entered the Ecumenical Temple
  2134 | Temple   | Became a worshipper of Warmaster Okawaru
  2165 | D:7      | Reached skill level 1 in Invocations
  2655 | D:2      | Reached skill level 5 in Dodging
  2857 | D:3      | Noticed Brouzouf's ghost (weakling BaSk)
  2878 | D:3      | Killed Brouzouf's ghost
  2878 | D:3      | Gained mutation: You have a somewhat thin skeletal structure. (Dex +2, Stealth) [demonic ancestry]
  2878 | D:3      | Reached XP level 8. HP: 45/56 MP: 9/9
  3000 | D:3      | Found a faded altar of an unknown god.
  3009 | D:3      | You fall through a shaft for 2 floors!
  3030 | D:6      | Noticed a two-headed ogre
  3162 | D:5      | Found a sparkling altar of Nemelex Xobeh.
  3388 | D:7      | Got a crude leather armour
  3443 | D:7      | Reached * piety under Okawaru
  3491 | D:7      | Identified the +1 leather armour of Dim Light {Stlth+} (You found it on level 7 of the Dungeon)
  3508 | D:7      | Reached skill level 7 in Axes
  3588 | D:7      | Found a sacrificial altar of Ru.
  3792 | D:8      | Reached ** piety under Okawaru
  3858 | D:7      | Gained mutation: You have a pair of antennae on your head. [demonic ancestry]
  3858 | D:7      | Reached XP level 9. HP: 57/61 MP: 12/12
  3861 | D:7      | Reached skill level 8 in Axes
  4044 | D:9      | Reached skill level 5 in Invocations
  4074 | D:10     | Entered Level 10 of the Dungeon
  4122 | D:10     | Reached skill level 5 in Armour
  4246 | D:11     | Lost mutation: You are somewhat resistant to further mutation. [potion of mutation]
  4246 | D:11     | Lost mutation: Your muscles are strong. (Str +2) [potion of mutation]
  4246 | D:11     | Gained mutation: Your mind is acute. (Int +2) [potion of mutation]
  4305 | D:11     | Reached *** piety under Okawaru
  4306 | D:11     | Reached skill level 9 in Axes
  4321 | D:11     | Found Rasufeap's Book Boutique.
  4349 | D:10     | Noticed a two-headed ogre
  4379 | D:10     | HP: 2/61 [two-headed ogre/giant club (20)]
  4379 | D:10     | Slain by a two-headed ogre

Vault maps used:
D:1:      dpeg_arrival_houses_and_road, grunt_decor_arrowhead,
          kennysheep_doodads
D:3:      nicolae_tso_swordbearing_angel, chequers_ecumenical_altar_lobes,
          first_bread
D:4:      serial_shops, shop
D:5:      kennysheep_little_box, amethyst_overflow_temple_binary
D:6:      bloody_trog, nicolae_overflow_hidden_temple, makhleb_heckhound_becter,
          minmay_checkerbox, uniq_pikel
D:7:      lemuel_round_altar, minmay_temple_entry_mist
D:8:      nicolae_overflow_crystal_walls
D:10:     the_bakery
D:11:     lair_entry_dummy, serial_shops, nicolae_shop_trees
Temple:   oiseaux_autumnal_temple

Skill      XL: |  1  2  3  4  5  6  7  8  9 |
---------------+----------------------------+-----
Axes           | 3 4 5 6 7 9 |  9.2
Dodging        | 3 4 5 6 |  6.8
Armour         | 1 2 3 4 5 |  5.8
Invocations    | 1 4 6 |  6.3
Fighting       | |  2.0
Throwing       | |  1.7

Action                   |  1- 3 |  4- 6 |  7- 9 || total
-------------------------+-------+-------+-------++-------
Melee: War axe           |    74 |   100 |   203 ||   377
       Battleaxe         |       |       |   175 ||   175
Throw: Throwing net      |    13 |     2 |     2 ||    17
Invok: Heroism           |       |       |     7 ||     7
Evoke: Wand              |       |       |     5 ||     5
  Use: Potion            |     4 |     4 |     1 ||     9
       Scroll            |     1 |     6 |     9 ||    16
 Stab: Held in net/web   |       |     1 |     3 ||     4
  Eat: Chunk             |       |     7 |     7 ||    14
       Royal jelly       |       |     1 |     1 ||     2
       Fruit             |       |       |     6 ||     6
Armor: Chain mail        |    52 |    65 |   112 ||   229
       Scale mail        |     8 |       |       ||     8
       Skin              |       |    71 |       ||    71
       Plate armour      |       |       |   112 ||   112
Dodge: Dodged            |    40 |    46 |   236 ||   322
